 Dungeon Crawl Stone Soup version 0.28.0-43-g3370ac3207 (webtiles) character file.

Game seed: 12035219200679472236

1962 Acheron the Cudgeller (level 9, -4/72 HPs)
             Began as a Minotaur Venom Mage on Mar 18, 2022.
             Slain by a seven-headed hydra (10 damage)
             ... on level 1 of the Lair of Beasts.
             The game lasted 00:32:52 (5438 turns).

Acheron the Cudgeller (Minotaur Venom Mage)         Turns: 5438, Time: 00:32:53

Health: -4/72      AC:  9    Str: 14    XL:     9   Next: 0%
Magic:  19/19      EV: 11    Int: 12    God:
Gold:   385        SH: 11    Dex: 17    Spells: 10/11 levels left

rFire   + . .      SeeInvis .   p - +2 flail (vorpal)
rCold   + + .      Faith    .   x - +2 kite shield {reflect}
rNeg    + . .      Spirit   .   o - +0 ring mail "Giak" {rC+ rN+ MP+9 Dex+3}
rPois   +          Reflect  +   (helmet restricted)
rElec   +          Harm     .   (no cloak)
rCorr   +          Rampage  .   h - +1 pair of gloves
Will    .....                   a - +0 pair of boots
Stlth   ++........              g - amulet of regeneration
HPRegen 1.02/turn               (no ring)
MPRegen 0.16/turn               (no ring)

@: mighty, lethally poisoned (-4 -> -8), resistant
A: horns 2, retaliatory headbutt
a: no special abilities


You were on level 1 of the Lair of Beasts.
You visited 2 branches of the dungeon, and saw 12 of its levels.

You collected 385 gold pieces.

Inventory:

Hand Weapons
 d - a +2 dagger of venom
 k - a +1 whip of electrocution
 p - a +2 vorpal flail (weapon)
 w - a +0 war axe
 y - a +1 hunting sling of freezing
 D - a +2 hunting sling of flaming
Missiles
 l - 5 poisoned darts (quivered)
 B - 8 boomerangs
 G - 26 sling bullets
Armour
 a - a +0 pair of boots (worn)
 h - a +1 pair of gloves (worn)
 o - the +0 ring mail "Giak" (worn) {rC+ rN+ MP+9 Dex+3}
   (You found it on level 3 of the Dungeon)

   Dex:       It affects your dexterity (+3).
   rC:        It protects you from cold.
   rN:        It protects you from negative energy.
   MP:        It affects your magic capacity (+9).
 x - a +2 kite shield of reflection (worn)
Magical Staves
 t - a staff of air
 F - a staff of conjuration
Jewellery
 c - a ring of ice
 f - an amulet of magic regeneration
 g - an amulet of regeneration (around neck)
 A - a ring of resist corrosion
Wands
 v - a wand of iceblast (11)
 z - a wand of digging (1)
Scrolls
 i - 4 scrolls of enchant weapon
 E - a scroll of silence
Potions
 b - a potion of mutation
 j - a potion of magic
 m - 2 potions of resistance
 n - a potion of attraction {unknown}
 q - a potion of flight {unknown}
 r - a potion of might
 s - 2 potions of cancellation
 u - a potion of invisibility {unknown}
 H - a potion of heal wounds {unknown}


   Skills:
 * Level 4.4 Fighting
 - Level 1.1 Short Blades
 * Level 6.9 Maces & Flails
 * Level 3.2 Throwing
 * Level 5.3 Armour
 * Level 4.6 Dodging
 * Level 3.7 Stealth
 * Level 3.2 Shields
 + Level 1.8 Spellcasting
 + Level 1.0 Transmutations
 + Level 2.4 Poison Magic
 * Level 2.1 Evocations


You had 10 spell levels left.
You knew the following spells:

 Your Spells              Type           Power      Damage    Failure   Level
a - Sting                 Tmut/Pois      20%        1d4       63%         1

Your spell library contained the following spells:

 Spells                   Type           Power      Damage    Failure   Level
 Poisonous Vapours        Pois/Air       6%         N/A       83%         2
 Mephitic Cloud           Conj/Pois/Air  3%         N/A       98%         3
 Gell's Gravitas          Tloc           1%         N/A       99%         3
 Lesser Beckoning         Tloc           1%         N/A       99%         3
 Teleport Other           Tloc           1%         N/A       99%         3
 Olgreb's Toxic Radiance  Pois           6%         N/A       99%         4


Dungeon Overview and Level Annotations

Branches:
Dungeon (10/15)              Lair (2/6) D:8
 Temple: D:4-7        Swamp: Lair:2-4    Shoals: Lair:2-4     Snake: Lair:2-4
 Spider: Lair:2-4       Orc: D:9-12

Altars:
Ashenzari
Cheibriados
Kikubaaqudgha
Okawaru
Ru
Sif Muna
Trog
Yredelemnul

Portals:
Gauntlet: Lair:1

Annotations:
D:1 exclusion: downstairs
D:4 exclusion: downstairs
D:5 exclusion: downstairs, Sigmund
D:6 1 runed translucent door, exclusions: 2 downstairs and upstairs, Elsvaer's ghost, novice DECj
D:9 exclusion: downstairs
Lair:1 exclusion: downstairs


Innate Abilities, Weirdness & Mutations

You have a pair of horns on your head.
You reflexively headbutt those who attack you in melee.


Message History

You are poisoned.
The cane toad poisons you!
You sock the cane toad! Your headbutt misses the cane toad.
The cane toad is heavily wounded.
You feel very sick. You block the cane toad's attack. The cane toad stings you!
You are more poisoned.
The cane toad poisons you!
You thump the cane toad!
The cane toad is severely wounded.
You feel extremely sick.
You sock the seven-headed hydra!
The seven-headed hydra is moderately wounded.
You feel very sick.
You block the seven-headed hydra's attack.
The seven-headed hydra bites you but does no damage. x2
The seven-headed hydra closely misses you.
The seven-headed hydra barely misses you.
The seven-headed hydra bites you but does no damage.
You block the seven-headed hydra's attack.
You sock the seven-headed hydra!
The seven-headed hydra is heavily wounded.
You hear the beating of a distant drum.
You feel very sick. The seven-headed hydra bites you.
The seven-headed hydra bites you! x2
* * * LOW HITPOINT WARNING * * *
You block the seven-headed hydra's attack.
The seven-headed hydra closely misses you.
The seven-headed hydra bites you!
* * * LOW HITPOINT WARNING * * *
The seven-headed hydra closely misses you.
Okay, then.
You feel protected.
You feel sick.
The seven-headed hydra barely misses you.
You furiously retaliate!
You headbutt the seven-headed hydra!
The seven-headed hydra bites you but does no damage.
You block the seven-headed hydra's attack.
The seven-headed hydra bites you!
You die...

*,,..,^#P......#*,,,,*,,,,,**,,,,
,#.,..,,+......#*,,,,*,,,,,,*,***
,#..#.,*#......#,,,,**,,,,,*****,
##+.#.###......###,***,.,,,,,,,,,
...............#.#####..,,,,,,,,,
...........................,,,,,,
.........h....Fl...........,.,,,,
.....?.>.....##D#.###P*#....,,,,,
#.#.#.#.##...###@#######..#.,,,**
#.....h..#...##.......##...,,,,,,
+........#...P#.......##..#,,,,,,
......................##..+,,,,,,
#.............#.......##.>#,,,,,,
...............[......##..#,,,,,,
+........#...##.<.........#,,,,,,
#........#...###.######...#,..,,,
.#.##.####.....#########..#...,,,


You could see a seven-headed hydra, a komodo dragon and a cane toad.

Vanquished Creatures
  Joseph (D:9)
  A wyvern (D:9)
  A hornet zombie (D:4)
  A black bear (D:7)
  2 ogres
  A centaur (D:6)
  A phantom (D:5)
  2 kobold brigands (D:9)
  A bullfrog (D:9)
  A water moccasin zombie (D:5)
  A wight (D:8)
  A centaur zombie (D:9)
  A hound (D:6)
  2 orc priests (D:7)
  A centaur skeleton (D:7)
  6 iguanas
  4 orc wizards
  3 adders
  A gnoll (D:8)
  A shadow imp (D:6)
  A white imp (D:7)
  An ufetubus (D:4)
  2 adder skeletons
  A worm (D:4)
  5 dart slugs
  19 orcs
  6 bats
  7 endoplasms
  A giant cockroach (D:1)
  7 goblins
  9 hobgoblins
  2 jackals (D:1)
  3 quokkas
  7 ball pythons
  2 frilled lizards
  19 kobolds
  3 rats
128 creatures vanquished.

Vanquished Creatures (others)
  An orc warrior (D:9)
  A fungus (Lair:1)
2 creatures vanquished.

Grand Total: 130 creatures vanquished

Notes
Turn   | Place    | Note
-------+----------+-------------------------------------------
     0 | D:1      | Acheron the Minotaur Venom Mage began the quest for the
                  | Orb.
     0 | D:1      | Reached XP level 1. HP: 14/14 MP: 1/1
   214 | D:1      | Reached skill level 1 in Transmutations
   216 | D:1      | Reached XP level 2. HP: 13/20 MP: 3/3
   472 | D:1      | Reached skill level 1 in Armour
   675 | D:2      | Reached XP level 3. HP: 26/26 MP: 4/4
   993 | D:2      | Reached XP level 4. HP: 23/34 MP: 5/5
  1043 | D:2      | Reached skill level 1 in Maces & Flails
  1047 | D:2      | Noticed an ogre
  1360 | D:3      | Identified the +0 ring mail "Giak" {rC+ rN+ MP+9 Dex+3}
  1568 | D:2      | Reached skill level 1 in Short Blades
  1637 | D:3      | Found a faded altar of an unknown god.
  1832 | D:3      | Found a sacrificial altar of Ru.
  1833 | D:3      | Found an iron altar of Okawaru.
  2005 | D:3      | Found a faded altar of an unknown god.
  2080 | D:3      | Reached skill level 1 in Fighting
  2391 | D:5      | Entered Level 5 of the Dungeon
  2559 | D:4      | Noticed a lemure
  2601 | D:5      | Noticed an ogre
  2607 | D:5      | Killed an ogre
  2608 | D:5      | Reached skill level 2 in Maces & Flails
  2608 | D:5      | Reached XP level 5. HP: 15/40 MP: 6/6
  2667 | D:6      | Noticed a centaur
  2756 | D:5      | Reached skill level 1 in Throwing
  2817 | D:5      | Reached XP level 6. HP: 36/48 MP: 7/7
  2870 | D:5      | Reached skill level 3 in Maces & Flails
  3070 | D:5      | Noticed Sigmund
  3287 | D:4      | Found a broken altar of Ashenzari.
  3324 | D:4      | Reached XP level 7. HP: 56/56 MP: 8/8
  3430 | D:4      | Found a shimmering blue altar of Sif Muna.
  3493 | D:5      | Reached skill level 4 in Maces & Flails
  3632 | D:6      | Identified a scroll of acquirement
  3632 | D:6      | Acquired a +2 kite shield of reflection
  3707 | D:6      | Found a runed translucent door.
  3711 | D:6      | Noticed Elsvaer's ghost (novice DECj)
  4002 | D:6      | Reached skill level 1 in Shields
  4011 | D:5      | Found a basalt altar of Yredelemnul.
  4011 | D:5      | Found an ancient bone altar of Kikubaaqudgha.
  4011 | D:5      | Found a bloodstained altar of Trog.
  4011 | D:5      | Found a snail-covered altar of Cheibriados.
  4402 | D:7      | Reached skill level 5 in Maces & Flails
  4477 | D:7      | Reached skill level 1 in Evocations
  4477 | D:7      | Reached XP level 8. HP: 55/63 MP: 9/9
  4856 | D:9      | Reached skill level 6 in Maces & Flails
  4893 | D:10     | Entered Level 10 of the Dungeon
  4989 | D:9      | Reached skill level 5 in Armour
  5083 | D:9      | Noticed Joseph
  5099 | D:9      | Killed Joseph
  5316 | D:8      | Reached XP level 9. HP: 43/72 MP: 10/10
  5328 | D:8      | Found a staircase to the Lair.
  5338 | Lair:1   | Entered Level 1 of the Lair of Beasts
  5360 | Lair:2   | Noticed a cane toad
  5373 | Lair:1   | Noticed a seven-headed hydra
  5385 | Lair:1   | Found a gate leading to a gauntlet.
  5386 | Lair:1   | Noticed a komodo dragon
  5390 | Lair:1   | Noticed a cane toad
  5415 | Lair:1   | Noticed a polar bear
  5438 | Lair:1   | Slain by a seven-headed hydra

Illustrated notes

Levels and vault maps discovered:
D:1:      grunt_arrival_lava_bath, layout_rooms, minmay_pentomino_v4
D:2:      layout_basic, kennysheep_decorative_pillar
D:3:      layout_basic, nicolae_overflow_ecumenical_swirl,
          grunt_temple_overflow_open, hellmonk_ecumenical_altar_inner_sanctum
D:4:      layout_basic, led_sif_pool, mainiacjoe_overflow_cross_hatched,
          st_stairs_2, uniq_pikel
D:5:      layout_basic, nicolae_overflow_hidden_temple,
          minmay_temple_entry_statues_pillars, uniq_sigmund
D:6:      layout_cave_pods, ebering_ghost_sewer_d, hex_tiny
D:7:      cheibrodos_barr_body, layout_gridville, mainiacjoe_overflow_boulevard,
          chequers_serial_rivers_small_b, amcnicky_mini_rare_corridor_liquid
D:8:      layout_rooms, nicolae_overflow_crystal_walls, lair_entry_dummy,
          enter_bailey_5, special_room [special_room_orc],
          gammafunk_ghost_grave, corexii_checkpoint_a,
          nicolae_figureground_sparkle
D:9:      layout_roguey, erik_orc_4, roderic_roman_lattice, uniq_joseph
D:10:     layout_small_grid, uniq_maggie
Lair:1:   layout_regular_city, gauntlet_entry_generic, serial_bayou_shore_b
Lair:2:   layout_cellular_growth, minmay_swamp_entry_worms,
          nicolae_spider_entry_tight_spaces, grunt_megastairs_3,
          infiniplex_staircase_pool, lemuel_fruit_fields, uniq_gastronok

Skill      XL: |  1  2  3  4  5  6  7  8 |
---------------+-------------------------+-----
Transmutations | 1 |  1.0
Armour         | 1 2 3 4 5 |  5.3
Maces & Flails | 2 3 5 6 |  6.9
Short Blades   | 1 |  1.1
Fighting       | 1 2 3 4 |  4.4
Stealth        | 2 3 |  3.7
Dodging        | 3 4 |  4.6
Throwing       | 1 2 3 |  3.2
Shields        | 1 3 |  3.2
Evocations     | 1 2 |  2.1
Spellcasting   | |  1.8
Poison Magic   | |  2.4

Action                   |  1- 3 |  4- 6 |  7- 9 || total
-------------------------+-------+-------+-------++-------
Melee: Rapier            |    33 |       |       ||    33
       Dagger            |    11 |    21 |       ||    32
       Unarmed           |     4 |       |       ||     4
       Headbutt          |    10 |    20 |    39 ||    69
       Whip              |    32 |       |       ||    32
       Flail             |       |    96 |   194 ||   290
Throw: Throwing net      |       |     1 |     1 ||     2
 Cast: Sting             |     1 |       |       ||     1
  Use: Scroll            |     4 |     4 |     9 ||    17
       Potion            |       |       |     4 ||     4
 Stab: Sleeping          |       |     4 |       ||     4
Armor: Robe              |     6 |       |       ||     6
       Scale mail        |    29 |     4 |       ||    33
       Ring mail         |       |    39 |    99 ||   138
Dodge: Dodged            |    53 |    62 |    85 ||   200
Block: Kite shield       |       |       |   112 ||   112
       Reflection        |       |       |     8 ||     8
